 Dungeon Crawl Stone Soup version 0.30-a0-553-g7fabdf1491 (webtiles) character file.

Game seed: 4920809761755812080

88 p00ps00p the Trooper (level 4, -1/41 HPs)
             Began as a Hill Orc Fighter on Dec 27, 2022.
             Slain by an orc wizard
             ... wielding a +0 dagger
              (3 damage)
             ... on level 4 of the Dungeon.
             The game lasted 00:03:23 (2466 turns).

p00ps00p the Trooper (Hill Orc Fighter)             Turns: 2466, Time: 00:03:23

Health: -1/41      AC:  7    Str: 20    XL:     4   Next: 54%
Magic:  13/13      EV:  9    Int: 12    God:
Gold:   180        SH:  4    Dex: 10    Spells: 3/3 levels left

rFire   . . .      SeeInvis .    a - +0 war axe
rCold   . . .      Faith    .    c - +0 buckler
rNeg    . . .      Spirit   .    b - +0 scale mail
rPois   .          Reflect  .    (no helmet)
rElec   .          Harm     .    (no cloak)
rCorr   .          Rampage  .    (no gloves)
Will    .....                    (no boots) Stlth
                                 (no amulet)
HPRegen 0.26/turn                l - ring "Saklarunka" {MP+9 Int+4}
MPRegen 0.13/turn                (no ring)

@: no status effects
A: no striking features
a: Convert to Beogh


You were on level 4 of the Dungeon.
You visited 1 branch of the dungeon, and saw 4 of its levels.

You collected 180 gold pieces.

Inventory:

Hand Weapons
 a - a +0 war axe (weapon)
Armour
 b - a +0 scale mail (worn)
 c - a +0 buckler (worn)
Jewellery
 h - a ring of wizardry
 l - the ring "Saklarunka" (left hand) {MP+9 Int+4}
   (You found it on level 2 of the Dungeon)

   [ring of magical power]

   Int:       It affects your intelligence (+4).
   MP:        It affects your magic capacity (+9).
Wands
 r - a wand of paralysis (6)
Scrolls
 i - a scroll of enchant weapon {unknown}
 q - a scroll of vulnerability {unknown}
 s - a scroll of teleportation {unknown}
Potions
 e - 2 potions of curing {unknown}
 f - 3 potions of mutation
 g - a potion of cancellation {unknown}
 j - 3 potions of ambrosia {unknown}
 k - 3 potions of heal wounds {unknown}
 m - a potion of invisibility {unknown}
 n - a potion of flight {unknown}
 o - a potion of berserk rage {unknown}
 p - a potion of lignification {unknown}


   Skills:
 + Level 4.5 Fighting
 + Level 3.8 Axes
 + Level 4.0 Armour
 + Level 3.9 Shields


You had 3 spell levels left.
You didn't know any spells.
Your spell library contained the following spells:

 Spells                   Type           Power      Damage    Failure   Level
 Necrotise                Necr           0%         1d4       77%         1
 Ensorcelled Hibernation  Hex/Ice        0%         N/A       88%         2
 Passwall                 Tmut/Erth      0%         N/A       88%         2
 Swiftness                Air            0%         N/A       98%         3
 Vampiric Draining        Necr           0%         2d6       98%         3
 Agony                    Necr           0%         N/A       100%        5
 Alistair's Intoxication  Tmut/Pois      0%         N/A       100%        5
 Borgnjor's Vile Clutch   Necr/Erth      0%         N/A       100%        5
 Eringya's Noxious Bog    Tmut/Pois      0%         N/A       100%        6


Dungeon Overview and Level Annotations

Branches:
Dungeon (4/15)
 Temple: D:4-7

Altars:
Elyvilon
Yredelemnul


Message History

Deactivating autopickup; reactivate with Ctrl-A.
The orc wizard gestures wildly while chanting.
The orc wizard flickers and vanishes!
Unknown command.
The orc priest shouts, "Beogh is our master!
Accept the truth or die!"
The orc priest hits you with a +0 falchion!
You hear some strange, mumbled words.
A magic dart appears from out of thin air!
The magic dart hits you.
Unknown command.
You closely miss the orc priest. You hit something. You barely miss something.
The orc priest barely misses you. Something hits you.
Something hits you but does no damage. x2
The orc priest hits you but does no damage.
Something hits you but does no damage.
Unknown command.
You closely miss the orc priest.
The orc priest shouts, "Join the one true god or die!"
You hit something. You closely miss something. Something hits you.
Something hits you but does no damage.
The orc priest calls down the wrath of Beogh upon you.
Beogh smites you!
* * * LOW HITPOINT WARNING * * *
Unknown command.
You are too injured to fight recklessly!
Unknown command.
You are too injured to fight recklessly!
Unknown command.
You closely miss the orc priest. You hit something. x2
The orc priest hits you with a +0 falchion.
* * * LOW HITPOINT WARNING * * *
Something hits you but does no damage. Something hits you.
* * * LOW HITPOINT WARNING * * *
You slash the orc priest!
The orc priest is severely wounded.
You closely miss something. You miss something.
You block the orc priest's attack. Something hits you.
* * * LOW HITPOINT WARNING * * *
Something hits you.
You die...

..≈≈≈.. ....
##.....##.?..
............
#...........
#...........
#...........
#...o.......
#.)@.......
##)<{..##..
#######


You could see an orc priest.

Vanquished Creatures
  3 adders
  2 dart slugs
  7 orcs
  5 endoplasms
  9 goblins
  3 hobgoblins (D:2)
  2 quokkas
  4 ball pythons
  3 bats
  5 frilled lizards
  2 kobolds (D:1)
  4 rats
49 creatures vanquished.

Notes
Turn   | Place    | Note
-------+----------+-------------------------------------------
     0 | D:1      | p00ps00p the Hill Orc Fighter began the quest for the Orb.
     0 | D:1      | Reached XP level 1. HP: 19/19 MP: 1/1
   694 | D:2      | Reached XP level 2. HP: 24/27 MP: 2/2
   788 | D:2      | Identified the ring "Saklarunka" {MP+9 Int+4}
   993 | D:2      | Reached XP level 3. HP: 28/33 MP: 3/3
  1235 | D:2      | You fall into a shaft and drop 1 floor!
  1439 | D:3      | Reached XP level 4. HP: 41/41 MP: 4/4
  1449 | D:3      | Found a basalt altar of Yredelemnul.
  1519 | D:3      | Found a white marble altar of Elyvilon.
  2466 | D:4      | HP: 2/41 [something (3)]
  2466 | D:4      | Slain by an orc wizard

Illustrated notes

Levels and vault maps discovered:
D:1:      lightli_arrival_chessboard, layout_loops_ring
D:2:      layout_loops_cross, grunt_decor_clamped,
          chequers_serial_rivers_room_b, minmay_unequal
D:3:      layout_rooms, kennysheep_ying_yang
D:4:      layout_rooms, nicolae_dithmenos_shadow_blocks,
          nemelex_spade_bored_becter, minmay_temple_entry_glassed_door,
          serial_shops, nicolae_lakefront_shop, uniq_crazy_yiuf_cottage

Skill      XL: |  1  2  3  4 |
---------------+-------------+-----
Axes           | 3 |  3.8
Fighting       | 4 |  4.5
Armour         | 4 |  4.0
Shields        | |  3.9

Action                   |  1- 3 |  4- 6 || total
-------------------------+-------+-------++-------
Melee: War axe           |    77 |    32 ||   109
  Use: Scroll            |     3 |       ||     3
       Potion            |       |     1 ||     1
Armor: Scale mail        |    50 |    39 ||    89
Dodge: Dodged            |    47 |    12 ||    59
Block: Buckler           |    19 |    11 ||    30

Table legend: (Time is in decaauts)
 A = Elapsed time spent in this place.
 B = Non-inter-level travel time spent in this place.
 C = Inter-level travel time spent in this place.
 D = Time resting spent in this place.
 E = Time spent auto-exploring this place.
 F = Levels seen in this place.
 G = Mean time per level.
                   A        B        C        D        E       F      G
               +--------+--------+--------+--------+--------+-----+--------+
         Total |   2508 |   2394 |    114 |    317 |   1742 |   4 |  627.0 |
       Dungeon |   2508 |   2394 |    114 |    317 |   1742 |   4 |  627.0 |
               +--------+--------+--------+--------+--------+-----+--------+

Top non-repeatable levels by time:
     D:2: 979 daAuts
     D:3: 911 daAuts
     D:1: 593 daAuts
     D:4: 24 daAuts
